 Dungeon Crawl Stone Soup version 0.17.0-15-g6d90897 (webtiles) character file.

152 4thArraOfDagon the Covered (level 5, -8/47 HPs)
             Began as a Minotaur Fighter on Nov 10, 2015.
             Killed by divine providence
             ... invoked by an orc priest
              (16 damage)
             ... on level 5 of the Dungeon.
             The game lasted 00:02:51 (745 turns).

4thArraOfDagon the Covered (Minotaur Fighter)        Turns: 745, Time: 00:02:51

Health: -8/47      AC:  9    Str: 20    XL:     5   Next: 11%
Magic:  4/4        EV:  5    Int:  6    God:
Gold:   24         SH:  9    Dex: 10    Spells: 0 memorised, 4 levels left

rFire  . . .     SeeInvis .     a - +0 war axe
rCold  . . .     Clarity  .     h - +0 chain mail
rNeg   . . .     SustAt   .     c - +0 shield
rPois  .         Gourm    .     (helmet restricted)
rElec  .         Spirit   .     (no cloak)
rCorr  .         Warding  .     (no gloves)
rMut   .         Stasis   .     (no boots)
MR     .....                    (no amulet)
Stlth  ..........               (no ring)
                                (no ring)

@: not resistant to hostile enchantments, extremely unstealthy
A: retaliatory headbutt, horns 2
a: no special abilities


You were on level 5 of the Dungeon.
You were not hungry.

You visited 1 branch of the dungeon, and saw 6 of its levels.

You collected 24 gold pieces.

Inventory:

Hand Weapons
 a - a +0 war axe (weapon)
Armour
 c - a +0 shield (worn)
 h - a +0 chain mail (worn)
Scrolls
 b - 2 scrolls of identify {unknown}
 d - a scroll of recharging {unknown}
 f - 2 scrolls of remove curse {unknown}
 g - a scroll of enchant armour {unknown}
 i - a scroll of blinking {unknown}
 k - a scroll of teleportation {unknown}
Comestibles
 e - 3 bread rations
 j - a chunk of flesh


   Skills:
 + Level 4.8 Fighting
 * Level 4.6 Axes
 + Level 4.8 Armour
 - Level 3.6 Shields


You had 4 spell levels left.
You didn't know any spells.

Dungeon Overview and Level Annotations

Branches:
Dungeon (6/15)             Temple (0/1) D:5

Altars:

Shops:
D:4 *[

Annotations:
D:4 Dowan, Duvessa
D:5 Blork the orc


Innate Abilities, Weirdness & Mutations

You reflexively headbutt those who attack you in melee.
You have a pair of horns on your head.


Message History

Unknown command.
Unknown command.
Unknown command.
Unknown command.
Unknown command.
You see here a scroll labeled ZOLEHU PEBEF.
Unknown command.
k - a scroll labeled ZOLEHU PEBEF Unknown command.
You block the orc's attack.
Unknown command.
Blork the orc gestures at you while chanting.
The magic dart hits you!
* * * LOW HITPOINT WARNING * * *
Unknown command.
Blork the orc mumbles some strange words.
Blork the orc seems to speed up.
The orc priest invokes the aid of Beogh against you.
Something smites you!
You die...

# .... .# .... ###
##..# ..... ..###...
.....# ..#..#
#.....######....#
......(...##@...###
###.......o.........
#88888....#..####....
#8...8###.#.>.### ...
#8.>...##.o...... #
#8...8.##..##....
##88888.#.o## ##..#
###.$....##o######....
......................


You could see Blork the orc, an orc priest and 2 orcs.

Vanquished Creatures
  A crimson imp (D:5)
  An orc wizard (D:5)
  An iguana (D:4)
  A worker ant (D:5)
  2 adders (D:4)
  4 orcs
  A giant cockroach (D:3)
  2 goblins
  2 hobgoblins (D:3)
  A kobold (D:3)
  A ball python (D:4)
  A bat (D:1)
  2 giant newts
  A rat (D:3)
21 creatures vanquished.

Notes
Turn   | Place    | Note
--------------------------------------------------------------
     0 | D:1      | 4thArraOfDagon the Minotaur Fighter began the quest for the Orb.
     0 | D:1      | Reached XP level 1. HP: 19/19 MP: 0/0
    63 | D:1      | You fall through a shaft!
    81 | D:3      | Reached skill level 4 in Armour
    91 | D:3      | Reached XP level 2. HP: 22/27 MP: 1/1
   261 | D:4      | Found Wagyci's Antique Armour Shop.
   284 | D:4      | Found Ycihy's Assorted Antiques.
   497 | D:4      | Noticed a phantom
   555 | D:4      | Reached XP level 3. HP: 14/33 MP: 2/2
   573 | D:4      | Noticed Dowan
   574 | D:4      | Noticed Duvessa
   577 | D:5      | Entered Level 5 of the Dungeon
   584 | D:5      | Reached XP level 4. HP: 13/41 MP: 3/3
   681 | D:5      | HP: 1/41 [orc wizard/magic dart (6)]
   685 | D:5      | Reached XP level 5. HP: 1/47 MP: 4/4
   718 | D:5      | Found a staircase to the Ecumenical Temple.
   728 | D:5      | Noticed Blork the orc
   745 | D:5      | Killed from afar by an orc priest

Action                   |  1- 3 |  4- 6 || total
-------------------------+-------+-------++-------
Melee: War axe           |    42 |    38 ||    80
  Use: Potion            |     1 |       ||     1
